 Dungeon Crawl Stone Soup version 0.30.0-15-g856e2d3f33 (webtiles) character file.

Game seed: 15807661606385032848

12231 snetch the Thaumaturge (level 12, -7/73 HPs)
             Began as a Djinni Fire Elementalist on May 18, 2023.
             Was a High Priest of Ignis.
             Mangled by a freezing wraith (20 damage)
             ... in an ice cave.
             The game lasted 00:46:44 (12787 turns).

snetch the Thaumaturge (Djinni Fire Elementalist)  Turns: 12787, Time: 00:46:44

Health: -7/73      AC: 13    Str: 11    XL:     12   Next: 17%
Gold:   472        EV: 11    Int: 34    God:    Ignis [*****.] SH:  0 Dex: 22

rFire   + . .        c - +3 dagger "Tafafiacw" {freeze, rN+ rCorr Int+5}
rCold   . . .        (no shield)
rNeg    + . .        N - +0 scale mail
rPois   ∞            f - +0 helmet
rElec   .            q - +2 cloak
rCorr   +            y - +0 pair of gloves
SInv    .            (boots unavailable)
Will    +....        v - amulet of the acrobat
Stlth   ++           I - ring of ice
HPRegen 0.32/turn    G - ring "Jotota" {rF- Str+4 Int+9 Dex+6 Stlth+}
MPRegen 0.00/turn

%: acrobat, infuse magic (-8 HP)
@: flying, slowed, very slow
A: sickness immunity, fire resistance 2, cold vulnerability 1, float, innate
caster, HP casting, extra vitality 1
a: Renounce Religion, Fiery Armour, Foxfire Swarm, Rising Flame


You were in an ice cave.
You worshipped Ignis.
Ignis was extremely pleased with you.
You visited 2 branches of the dungeon, and saw 13 of its levels.
You also visited: Sewer, Ossuary and Ice Cave.

You collected 653 gold pieces.
You spent 181 gold pieces at shops.

Inventory:

Hand Weapons
 a - the +1 dagger "Bual" {holy, Int+8}
   (You found it on level 2 of the Dungeon)

   Int:       It affects your intelligence (+8).
 c - the +3 dagger "Tafafiacw" (weapon) {freeze, rN+ rCorr Int+5}
   (You found it on level 5 of the Dungeon)

   Int:       It affects your intelligence (+5).
   rN:        It protects you from negative energy.
   rCorr:     It protects you from acid and corrosion.
 d - a +1 antimagic dagger
Missiles
 e - 121 stones
 i - 4 boomerangs
 j - 2 javelins
 w - 35 poisoned darts
 C - 4 throwing nets
 U - 6 curare-tipped darts
Armour
 f - a +0 helmet (worn)
 q - a +2 cloak (worn)
 y - a +0 pair of gloves (worn)
 N - a +0 scale mail (worn)
Magical Staves
 k - a staff of earth
Jewellery
 g - a ring of resist corrosion
 v - an amulet of the acrobat (around neck)
 G - the ring "Jotota" (right hand) {rF- Str+4 Int+9 Dex+6 Stlth+}
   (You acquired it on level 10 of the Dungeon)

   [ring of dexterity]

   Str:       It affects your strength (+4).
   Int:       It affects your intelligence (+9).
   Dex:       It affects your dexterity (+6).
   rF:        It makes you vulnerable to fire.
   Stlth:     It makes you more stealthy.
 I - a ring of ice (left hand)
 K - a ring of see invisible
 Q - a +6 ring of intelligence
Wands
 b - a wand of roots (3)
 u - a wand of paralysis (10)
 R - a wand of flame (19)
 T - a wand of acid (4)
Scrolls
 l - 5 scrolls of magic mapping
 m - 4 scrolls of enchant armour {unknown}
 o - 3 scrolls of fog {unknown}
 p - 2 scrolls of brand weapon
 t - 3 scrolls of noise {unknown}
 A - 2 scrolls of fear
 D - 2 scrolls of torment {unknown}
 E - a scroll of vulnerability
 H - 2 scrolls of summoning {unknown}
 J - 2 scrolls of enchant weapon {unknown}
 S - 4 scrolls of teleportation
 X - 2 scrolls of poison {unknown}
 Y - a scroll of immolation
 Z - 2 scrolls of blinking
Potions
 h - 5 potions of heal wounds
 n - 4 potions of resistance
 r - 4 potions of haste {unknown}
 s - 12 potions of curing
 x - a potion of invisibility
 z - a potion of mutation
 B - 4 potions of lignification {unknown}
 F - 7 potions of might {unknown}
 L - 3 potions of flight {unknown}
 M - a potion of attraction
 O - a potion of brilliance
 P - 3 potions of berserk rage
 V - 3 potions of cancellation {unknown}


   Skills:
 + Level 1.3 Fighting
 + Level 1.6 Short Blades
 + Level 7.3 Armour
 + Level 4.4 Dodging
 + Level 3.1 Stealth
 + Level 12.8 Spellcasting


You knew the following spells:

 Your Spells              Type           Power      Damage    Failure   Level
a - Foxfire               Conj/Fire      100%       2x1d9     1%          1
b - Scorch                Fire           100%       2d9       1%          2
c - Volatile Blastmotes   Fire/Tloc      100%       2d18      1%          3
d - Inner Flame           Hex/Fire       83%        N/A       1%          3
e - Flame Wave            Conj/Fire      83%        2d18      1%          4
f - Necrotise             Necr           100%       1d9       1%          1
g - Static Discharge      Conj/Air       100%       2-7/arc   1%          2
h - Summon Guardian Gole  Hex/Summ       83%        N/A       1%          3
i - Ice Form              Ice/Tmut       100%       N/A       1%          4
j - Cause Fear            Hex            41%        N/A       1%          4
Your spell library was empty.

Dungeon Overview and Level Annotations

Branches:
Dungeon (12/15)            Temple (1/1) D:5            Lair (0/5) D:10
  Sewer (visited)         Ossuary (visited)           IceCv (1/1)
    Orc: D:9-12

Altars:
Ashenzari
Cheibriados
Dithmenos
Elyvilon
Fedhas
Gozag
Hepliaklqana
Makhleb
Nemelex Xobeh
Okawaru
Qazlal
Ru
Trog
Uskayaw
Wu Jian
Xom
Yredelemnul
Zin
The Shining One
Ignis

Shops:
D:4 [   D:11 ?([[

Annotations:
IceCv exclusion: ice statue


Innate Abilities, Weirdness & Mutations

You are immune to sickness and miasma.
You are immune to poison.
Your flesh is very heat resistant. (rF++)
You are vulnerable to cold. (rC-)
You float through the air rather than walking.
You learn spells naturally, not from books.
Your magical power is your life essence.
You have superior vitality. (+4 MHP)


Message History

You see here a potion of curing.
You see here a +0 scale mail.
The freezing wraith completely misses you. x2
You see here a potion of curing.
s - 12 potions of curing (gained 1)
The freezing wraith hits you but does no damage.
The freezing wraith hits you! The freezing wraith drains your vigour!
You feel yourself slow down.
Casting: Scorch (safe; 1% risk of failure)
Confirm with . or Enter, or press ? or * to list all spells.
Flames lash the freezing wraith.
The freezing wraith is burned terribly!
The freezing wraith is lightly damaged.
The freezing wraith's fire resistance burns away.
The freezing wraith closely misses you.
The freezing wraith hits you but does no damage.
Casting: Scorch (safe; 1% risk of failure)
Confirm with . or Enter, or press ? or * to list all spells.
Flames lash the freezing wraith.
The freezing wraith is burned terribly!
The freezing wraith is heavily damaged.
The freezing wraith barely misses you.
The freezing wraith hits you but does no damage.
The freezing wraith hits you! The freezing wraith freezes you!!
The freezing wraith hits you.
* * * LOW HITPOINT WARNING * * *
The freezing wraith drains your vigour!
You feel as though you will be slow longer.
Casting: Scorch (safe; 1% risk of failure)
Confirm with . or Enter, or press ? or * to list all spells.
Casting: Flame Wave (mildly dangerous; 1% risk of failure)
Press: ? - help, Dir - look around, f - activate A wave of flame ripples out!
The flame wave engulfs the freezing wraith!
The freezing wraith is burned terribly!
The freezing wraith is severely damaged. (Press . to intensify the flame waves.)
* * * LOW HITPOINT WARNING * * *
The freezing wraith hits you.
* * * LOW HITPOINT WARNING * * *
The freezing wraith freezes you!!
You die...

#...∩...#
##.....##
##...##
##.##
##...##
##.....##
#.......#
#.......#
#@......#
#[W....[#
#"$....[#
####.####
.....
#.......#
#.......#
#.......#
#Z.....8


You could see a freezing wraith (combustible).

Vanquished Creatures
  Fannar (D:10)
  4 two-headed ogres
  A komodo dragon (D:10)
  A hornet (D:5)
  A troll (D:10)
  A water elemental (D:11)
  24 yaks
  A wraith (D:11)
  Eustachio (D:5)
  A steam dragon (D:8)
  2 death yak simulacra (IceCv)
  3 water moccasins
  An ice beast (D:6)
  A black bear (D:8)
  3 orc warriors
  A sky beast (D:8)
  2 ogres (D:6)
  7 centaurs
  3 phantoms
  2 kobold brigands
  5 bullfrogs
  A cane toad simulacrum (IceCv)
  2 scorpions
  6 water moccasin zombies (Ossuary)
  5 killer bees (D:10)
  2 electric eels (D:11)
  A howler monkey (D:9)
  3 jellies
  5 orc priests
  2 gnoll boudas
  3 iguanas
  9 orc wizards
  A polar bear simulacrum (IceCv)
  Terence (D:3)
  2 mummies (Ossuary)
  Robin (D:2)
  9 gnolls
  13 adders
  8 river rats (Sewer)
  2 shadow imps
  16 white imps
  An ufetubus (D:5)
  4 adder zombies (Ossuary)
  2 dart slugs
  30 orcs
  8 endoplasms
  4 giant cockroaches
  4 gnoll zombies (Ossuary)
  14 goblins
  12 hobgoblins
  7 jackals (D:1)
  21 kobolds
  4 quokkas
  24 ball pythons
  5 bats
  6 frilled lizards
  A goblin zombie (D:5)
  6 hobgoblin zombies
  A kobold zombie (Ossuary)
  6 orc zombies (Ossuary)
  34 rats
352 creatures vanquished.

Vanquished Creatures (others)
  328 foxfires
328 creatures vanquished.

Grand Total: 680 creatures vanquished

Notes
Turn   | Place    | Note
-------+----------+-------------------------------------------
     0 | D:1      | snetch the Djinni Fire Elementalist began the quest for the
                  | Orb.
     0 | D:1      | snetch set off with the following spells memorised:
                  | Foxfire, Scorch, Volatile Blastmotes, Inner Flame, Flame
                  | Wave.
     0 | D:1      | Reached XP level 1. HP: 15/15 MP: 0/0
    15 | D:2      | Identified the +1 dagger "Bual" {holy, Int+8}
    32 | D:2      | Reached XP level 2. HP: 19/21 MP: 0/0
    42 | D:2      | Reached skill level 3 in Spellcasting
    42 | D:2      | Reached XP level 3. HP: 16/25 MP: 0/0
    42 | D:2      | Learned a level 1 spell: Necrotise
   272 | D:1      | Reached XP level 4. HP: 23/31 MP: 0/0
   489 | D:2      | Noticed Robin
   703 | D:1      | Found a faded altar of an unknown god.
   720 | D:1      | Prayed at the altar of an unknown god.
   720 | D:1      | Became a worshipper of Ignis, the Dying Flame
  1443 | D:2      | Reached XP level 5. HP: 29/35 MP: 0/0
  1443 | D:2      | Learned a level 2 spell: Static Discharge
  1461 | D:2      | Reached skill level 4 in Spellcasting
  1469 | D:2      | Killed Robin
  1970 | D:4      | Found Yral's Armour Shoppe.
  2047 | D:4      | Found a glowing drain.
  2057 | Sewer    | Entered a sewer
  2084 | Sewer    | Reached XP level 6. HP: 25/40 MP: 0/0
  2342 | Sewer    | Reached skill level 1 in Armour
  2375 | Sewer    | Reached skill level 5 in Spellcasting
  2457 | Sewer    | Reached XP level 7. HP: 38/45 MP: 0/0
  2457 | Sewer    | Learned a level 3 spell: Summon Guardian Golem
  3120 | D:3      | Noticed Terence
  3127 | D:3      | Killed Terence
  3495 | D:5      | Entered Level 5 of the Dungeon
  3518 | D:5      | Noticed Eustachio
  3529 | D:5      | Killed Eustachio
  3530 | D:5      | Reached skill level 1 in Short Blades
  3613 | D:5      | Found a staircase to the Ecumenical Temple.
  3640 | D:5      | Reached skill level 6 in Spellcasting
  3640 | D:5      | Reached XP level 8. HP: 19/50 MP: 0/0
  3694 | D:5      | Identified the +3 dagger "Tafafiacw" {freeze, rN+ rCorr
                  | Int+5}
  3828 | D:5      | Found a sand-covered staircase.
  3840 | Ossuary  | Entered an ossuary
  4610 | D:4      | Reached skill level 7 in Spellcasting
  4738 | D:4      | Found a sacrificial altar of Ru.
  5348 | D:5      | Noticed a hornet
  5355 | D:5      | Killed a hornet
  5356 | D:5      | Reached XP level 9. HP: 17/56 MP: 0/0
  5356 | D:5      | Learned a level 4 spell: Ice Form
  5673 | Temple   | Entered the Ecumenical Temple
  6211 | D:6      | Reached skill level 8 in Spellcasting
  7168 | D:7      | Reached skill level 9 in Spellcasting
  7479 | D:7      | Reached XP level 10. HP: 58/61 MP: 0/0
  7729 | D:7      | HP: 3/61 [yak (3)]
  7733 | D:7      | Reached skill level 1 in Fighting
  7733 | D:7      | Reached skill level 10 in Spellcasting
  8579 | D:8      | Reached skill level 5 in Armour
  8993 | D:10     | Entered Level 10 of the Dungeon
  9340 | D:9      | Found a glowing silver altar of Zin.
  9576 | D:10     | Reached XP level 11. HP: 44/67 MP: 0/0
  9576 | D:10     | Learned a level 4 spell: Cause Fear
  9577 | D:10     | Reached skill level 11 in Spellcasting
  9584 | D:10     | Found a bloodstained altar of Trog.
  9777 | D:10     | Found a white marble altar of Elyvilon.
 10022 | D:9      | Noticed a two-headed ogre
 10035 | D:9      | Killed a two-headed ogre
 10654 | D:11     | Found Muar's Weapon Shoppe.
 10746 | D:10     | Noticed Fannar
 10762 | D:10     | Killed Fannar
 10779 | D:10     | Identified a scroll of acquirement
 10795 | D:10     | Acquired the ring "Jotota" {rF- Str+4 Int+9 Dex+6 Stlth+}
 10986 | D:10     | Found a staircase to the Lair.
 11178 | D:10     | Reached skill level 12 in Spellcasting
 11789 | D:11     | Found Giutom's Magic Scroll Emporium.
 11800 | D:11     | Bought a scroll of teleportation for 33 gold pieces
 11800 | D:11     | Bought a scroll of immolation for 44 gold pieces
 11800 | D:11     | Bought a scroll of magic mapping for 82 gold pieces
 11800 | D:11     | Bought a scroll of identify for 22 gold pieces
 11839 | D:11     | Found Pirhaes's Armour Shop.
 11903 | D:11     | Noticed a two-headed ogre
 11908 | D:11     | Killed a two-headed ogre
 12095 | D:11     | Noticed a two-headed ogre
 12096 | D:11     | Found Plog's Armour Emporium.
 12100 | D:11     | Killed a two-headed ogre
 12106 | D:11     | Reached XP level 12. HP: 50/73 MP: 0/0
 12283 | D:11     | Noticed a two-headed ogre
 12291 | D:11     | Killed a two-headed ogre
 12469 | D:12     | Found a frozen archway.
 12483 | IceCv    | Entered an ice cave
 12787 | IceCv    | Mangled by a freezing wraith

Illustrated notes

Levels and vault maps discovered:
D:1:      minmay_arrival_hallway, layout_loops_corners,
          dreamdust_ecumenical_altar_grove
D:2:      layout_rooms, uniq_robin
D:3:      layout_basic, kennysheep_generic_room_5, uniq_terence
D:4:      layout_basic, general_overflow_altar, portal_sewer_entry_d,
          serial_shops, shop, hangedman_abyss_or_decor_passed, kennysheep_potato
D:5:      layout_gridville, mainiacjoe_overflow_surrounded_room,
          minmay_temple_entry_proselytizer, enter_ossuary_3, uniq_eustachio
D:6:      layout_loops_corners
D:7:      layout_basic, lemuel_tele_altar
D:8:      layout_rooms
D:9:      layout_loops_corners, zin_academy, small_statue_intersection
D:10:     hellmonk_destroyed_diamonds, layout_stronghold, kennysheep_mini,
          lemuel_crystal_altar, david_lair_shrubbed, uniq_fannar
D:11:     layout_roguey, serial_bayou, serial_bayou_crossing,
          serial_bayou_lagoon_b, serial_bayou_shore_a, serial_bayou_pond_d,
          serial_shops, nicolae_diamond_shop, nicolae_shop_waterfront,
          nicolae_shop_bloodbath_and_beyond, shop
D:12:     layout_cave_pools, david_orc_3, portal_ice_cave_entry_imps
Temple:   regret_index_temple_sphere_string
IceCv:    ice_cave_statue_garden_chambered

Skill      XL: |  1  2  3  4  5  6  7  8  9 10 11 |
---------------+----------------------------------+-----
Spellcasting   | 3 4 5 6 7 9 10 12 | 12.8
Armour         | 1 2 3 4 5 7 |  7.3
Stealth        | 2 3 |  3.1
Short Blades   | 1 |  1.6
Dodging        | 3 4 |  4.4
Fighting       | 1 |  1.3

Action                     |  1- 3 |  4- 6 |  7- 9 | 10-12 || total
---------------------------+-------+-------+-------+-------++-------
  Melee: Dagger            |       |     8 |    41 |     8 ||    57
         Punch             |       |       |     1 |       ||     1
   Cast: Foxfire           |     8 |    38 |    65 |    78 ||   189
         Scorch            |    17 |    74 |   125 |   100 ||   316
         Necrotise         |     2 |       |       |       ||     2
         Flame Wave        |       |     1 |     6 |    18 ||    25
         Static Discharge  |       |     1 |       |       ||     1
         Volatile Blastmot |       |       |     1 |     2 ||     3
         Ice Form          |       |       |     1 |       ||     1
         Summon Guardian G |       |       |       |     2 ||     2
         Cause Fear        |       |       |       |     1 ||     1
    Use: Potion            |       |     1 |       |     1 ||     2
         Scroll            |       |       |       |    13 ||    13
   Stab: Sleeping          |       |     1 |     3 |       ||     4
 Armour: Robe              |     2 |       |       |       ||     2
         Leather armour    |       |    21 |    30 |       ||    51
         Ring mail         |       |       |    11 |       ||    11
         Scale mail        |       |       |       |    42 ||    42
  Dodge: Dodged            |     2 |    39 |    83 |    73 ||   197
